 Dungeon Crawl Stone Soup version 0.27-a0-1230-gfc7c993222 (webtiles) character file.

Game seed: 10167148053759831362

74 Glokmah the Sneak (level 4, -1/25 HPs)
             Began as a Vampire Enchanter on June 8, 2021.
             Slain by Grinder (11 damage)
             ... on level 3 of the Dungeon.
             The game lasted 00:05:02 (2005 turns).

Glokmah the Sneak (Vampire Enchanter)               Turns: 2005, Time: 00:05:03

Health: -1/25      AC:  0    Str:  5 (7)  XL:     4   Next: 10%
Magic:  4/7        EV: 19    Int: 15 (17) God:
Gold:   66         SH:  0    Dex: 18 (20) Spells: 4/7 levels left

rFire    . . .     SeeInvis +   (weapon currently unavailable)
rCold    + + .     Faith    .   (shield currently unavailable)
rNeg     + + +     Spirit   .   (armour currently unavailable)
rPois    ∞         Reflect  .   (helmet currently unavailable)
rElec    .         Harm     .   (cloak currently unavailable)
rCorr    .         Rampage  .   (gloves currently unavailable)
Will     .....                  (boots currently unavailable)
Stlth    +++++.....             (no amulet)
HPRegen  0.00/turn              (ring currently unavailable)
MPRegen  0.10/turn              (ring currently unavailable)

@: bat-form, flying, bloodless, very quick
A: fast, flying, no casting, bloodless, tiny, fangs 3, see invisible, vampiric 2
a: Revivify, End Transformation


You were on level 3 of the Dungeon.
You were a vampire bat.
You visited 1 branch of the dungeon, and saw 3 of its levels.

You collected 66 gold pieces.

Inventory:

Hand Weapons
 a - a +2 dagger of draining
 b - a +2 rapier of flaming (melded)
Armour
 l - a +0 robe (melded)
Wands
 o - a wand of acid (6)
Scrolls
 d - a scroll of immolation {unknown}
 e - 3 scrolls of blinking {unknown}
 g - a scroll of fog {unknown}
 h - a scroll of brand weapon {unknown}
 i - a scroll of identify {unknown}
 k - 5 scrolls of noise {unknown}
 n - a scroll of fear {unknown}
Potions
 c - 2 potions of curing {unknown}
 f - 2 potions of brilliance {unknown}
 j - 2 potions of might {unknown}
 m - a potion of attraction {unknown}


   Skills:
 + Level 1.0 Fighting
 * Level 2.3 Short Blades
 - Level 2.1 Dodging
 * Level 5.4 Stealth
 + Level 2.3 Spellcasting
 * Level 5.0 Hexes
 + Level 0.4 Ice Magic


You had 4 spell levels left.
You knew the following spells:

 Your Spells              Type           Power      Damage    Failure   Level
a - Corona                Hex            17%        N/A       2%          1
b - Ensorcelled Hibernat  Hex/Ice        18%        N/A       11%         2

Your spell library contained the following spells:

 Spells                   Type           Power      Damage    Failure   Level
 Confusing Touch          Hex            16%        N/A       9%          3
 Tukima's Dance           Hex            16%        N/A       9%          3
 Animate Skeleton         Necr           2%         N/A       22%         1
 Pain                     Necr           4%         1d4       22%         1
 Dazzling Flash           Conj/Hex       18%        N/A       24%         3
 Vampiric Draining        Necr           0%         2d6       54%         3
 Animate Dead             Necr           0%         N/A       91%         4
 Agony                    Necr           1%         N/A       99%         5


Dungeon Overview and Level Annotations

Branches:
Dungeon (3/15)

Altars:

Annotations:
D:3 Grinder


Innate Abilities, Weirdness & Mutations

You are a vampire bat.
You are tiny and dextrous.
You move quickly.
You are flying.
Your equipment is almost entirely melded.
You are incapable of wielding weapons or throwing items.
You cannot cast spells.
You do not regenerate when monsters are visible.
You are frail without blood (-20% HP).
You can heal yourself when you bite living creatures.
You are immune to poison.
You have razor-sharp teeth.
You have supernaturally acute eyesight. (SInv)
You are afflicted with vampirism and can become a bat while bloodless.


Message History

Aim: Grinder (chance to affect: 56%)
Okay, then.
Press: ? - help, v - describe, . - travel
Here: Grinder The floor.
Your +2 rapier of flaming bursts into flame!
b - a +2 rapier of flaming (weapon)
Okay, then.
Casting: Corona (safe; 2% risk of failure)
Confirm with . or Enter, or press ? or * to list all spells.
Aiming: Corona (safe; 2% risk of failure)
Press: ? - help, Shift-Dir - straight line, f - Grinder
Aim: Grinder (chance to affect: 56%) Grinder is outlined in light.
Grinder gestures at you.
You suddenly lose the ability to move!
You can move again.
You hit Grinder but do no damage. You bite Grinder, but do no damage.
Grinder hits you.
You hit Grinder. You burn Grinder.
Grinder is lightly wounded.
Grinder closely misses you.
You hit Grinder. You burn Grinder.
Grinder is moderately wounded.
Grinder hits you.
You hit Grinder. You burn Grinder.
Grinder is moderately wounded.
Grinder closely misses you.
Grinder says, "DUCK!"
Grinder closely misses you.
You barely miss Grinder.
Grinder is moderately wounded.
Grinder hits you!
You turn into a vampire bat.
Your +2 rapier of flaming melds into your body.
Your +0 robe melds into your body.
Your +2 rapier of flaming stops flaming.
You feel weakened.
You feel dopey.
You feel clumsy. Grinder hits you!
You die...

###############
#.............## ..
##............... ..
................ . #.
###..............< .. #.
#.....###.........
...###.##.....###########.
.........b..............#.
........5###............#.
#........# #............#.
.........# #..............
.......#####†....###.###..
....#.. #......+........
... #.. #......###......
## #.....#......###......
......................


You could see Grinder (corona).

Vanquished Creatures
  Jessica (D:2)
  A worm (D:2)
  3 dart slugs
  2 orcs (D:2)
  5 ball pythons
  2 bats
  An endoplasm (D:1)
  A giant cockroach (D:3)
  6 goblins
  5 hobgoblins
  2 jackals (D:2)
  4 frilled lizards
  A kobold (D:1)
  A rat (D:3)
35 creatures vanquished.

Notes
Turn   | Place    | Note
-------+----------+-------------------------------------------
     0 | D:1      | Glokmah the Vampire Enchanter began the quest for the Orb.
     0 | D:1      | Reached XP level 1. HP: 13/13 MP: 3/3
   135 | D:1      | Reached XP level 2. HP: 15/15 MP: 5/5
   842 | D:2      | Reached skill level 5 in Stealth
  1212 | D:1      | Learned a level 2 spell: Ensorcelled Hibernation
  1254 | D:2      | Found a faded altar of an unknown god.
  1395 | D:2      | Noticed Jessica
  1399 | D:2      | Gained mutation: You are afflicted with vampirism and can
                  | become a bat while bloodless. [Vampire growth]
  1399 | D:2      | Reached XP level 3. HP: 20/20 MP: 6/6
  1403 | D:2      | Killed Jessica
  1474 | D:2      | Reached skill level 1 in Fighting
  1714 | D:2      | Reached XP level 4. HP: 15/25 MP: 2/7
  1968 | D:3      | Reached skill level 5 in Hexes
  1992 | D:3      | Noticed Grinder
  1998 | D:3      | Paralysed by Grinder for 2 turns
  2005 | D:3      | Slain by Grinder

Illustrated notes

Levels and vault maps discovered:
D:1:      minmay_arrival_nine_rooms, layout_loops_ring
D:2:      layout_rooms, shapermc_ecumenical_altar_notcrosses, uniq_jessica
D:3:      layout_basic, kennysheep_generic_room_2, uniq_grinder

Skill      XL: |  1  2  3  4 |
---------------+-------------+-----
Stealth        | 5 |  5.4
Short Blades   | 2 |  2.3
Fighting       | 1 |  1.0
Hexes          | 5 |  5.0
Dodging        | |  2.1
Spellcasting   | |  2.3
Ice Magic      | |  0.4

Action                   |  1- 3 |  4- 6 || total
-------------------------+-------+-------++-------
Melee: Dagger            |    59 |    16 ||    75
       Bite              |     5 |     3 ||     8
       Rapier            |       |     5 ||     5
 Cast: Ensorcelled Hiber |     5 |     1 ||     6
       Corona            |       |     1 ||     1
 Abil: Exsanguinate      |     1 |       ||     1
       Bat Form          |       |     1 ||     1
 Stab: Sleeping          |    22 |     2 ||    24
Armor: Robe              |     5 |     5 ||    10
Dodge: Dodged            |    28 |    15 ||    43

Table legend: (Time is in decaauts)
 A = Elapsed time spent in this place.
 B = Non-inter-level travel time spent in this place.
 C = Inter-level travel time spent in this place.
 D = Time resting spent in this place.
 E = Time spent auto-exploring this place.
 F = Levels seen in this place.
 G = Mean time per level.
                   A        B        C        D        E       F      G
               +--------+--------+--------+--------+--------+-----+--------+
         Total |   2001 |   1868 |    133 |    437 |   1052 |   3 |  667.0 |
       Dungeon |   2001 |   1868 |    133 |    437 |   1052 |   3 |  667.0 |
               +--------+--------+--------+--------+--------+-----+--------+

Top non-repeatable levels by time:
     D:1: 1064 daAuts
     D:2: 814 daAuts
     D:3: 123 daAuts
